 Dungeon Crawl Stone Soup version 0.31-a0-360-gb3e1d13bf4 (webtiles) character file.

Game seed: 15285067585595486920

54 mopl the Insei (level 3, -9/23 HPs)
             Began as an Octopode Shapeshifter on July 26, 2023.
             Mangled by an ice beast (11 damage)
             ... on level 3 of the Dungeon.
             The game lasted 00:01:19 (1663 turns).

mopl the Insei (Octopode Shapeshifter)              Turns: 1663, Time: 00:01:19

Health: -9/23      AC:  1    Str: 14    XL:     3   Next: 91%
Magic:  3/3        EV: 13    Int: 10    God:
Gold:   98         SH:  0    Dex: 14    Spells: 2/2 levels left

rFire   . .          .
                       - Unarmed
rCold   . . .        (no shield)
rNeg    . . .        (helmet currently unavailable)
rPois   .            (no amulet)
rElec   .            d - ring of willpower
rCorr   .            (no ring)
SInv    .            (no ring)
Will    +....        (no ring)
Stlth   ++           (no ring)
HPRegen 0.23/turn    (no ring)
MPRegen 0.08/turn    (no ring)
                     (no ring)

%: no passive effects
@: beast-form
A: beast (slay +2), almost no armour, amphibious, 8 rings, camouflage 1,
gelatinous body 1, (nimble swimmer 1), tentacles
a: Begin Untransformation


You were on level 3 of the Dungeon.
You were a hulking beast.
You visited 1 branch of the dungeon, and saw 3 of its levels.

You collected 98 gold pieces.

Inventory:

Missiles
 m - 4 boomerangs
Jewellery
 d - a ring of willpower (left tentacle)
Talismans
 b - a beast talisman
Scrolls
 e - a scroll of poison
 f - 2 scrolls of teleportation {unknown}
 g - a scroll of enchant armour {unknown}
 i - a scroll of silence {unknown}
 j - 2 scrolls of noise {unknown}
 l - a scroll of identify {unknown}
Potions
 a - a potion of lignification {!q}
 c - 2 potions of curing {unknown}
 h - a potion of brilliance {unknown}
 k - 2 potions of enlightenment {unknown}


   Skills:
 + Level 1.5 Fighting
 + Level 2.3 Dodging
 * Level 3.6 Unarmed Combat
 * Level 3.4 Shapeshifting


You had 2 spell levels left.
You didn't know any spells.
Your spell library contained the following spells:

 Spells                   Type           Power      Damage    Failure   Level
 Freeze                   Ice            0%         1d3       36%         1
 Frozen Ramparts          Ice            0%         1d1       75%         3
 Hailstorm                Conj/Ice       0%         3d3       75%         3


Dungeon Overview and Level Annotations

Branches:
Dungeon (3/15)

Altars:


Innate Abilities, Weirdness & Mutations

You are a hulking beast.
Your limbs bulge with bestial killing power. (Slay +2)
You cannot wear most types of armour.
You are amphibious.
You can wear up to eight rings at the same time.
Your skin changes colour to match your surroundings (Stealth+).
Your rubbery body absorbs attacks. (AC +1, EV +1)
((You are camouflaged when in or above water. (Stealth+)))
You have tentacles for arms and can constrict up to eight enemies at once.


Message History

There is a stone staircase leading down here.
You climb downwards.
Found 4 boomerangs.
Found a stone staircase leading down.
There is a stone staircase leading up here.
The air fills with toxic fumes!
As you read the scroll labelled AHEATHU JOPSUI, it crumbles to dust.
It was a scroll of poison.
You start waiting.
Done waiting.
m - 4 boomerangs You now have 93 gold pieces (gained 13).
There is a stone staircase leading up here.
j - 2 scrolls labelled ZUBUL SYPPOSUM (gained 1)
You now have 98 gold pieces (gained 5).
Found a stone staircase leading up.
An ice beast comes into view.
The helpless ice beast fails to defend itself.
You tentacle-slap the ice beast. You squeeze the ice beast.
The ice beast is moderately wounded.
The ice beast hits you but does no damage.
You tentacle-slap the ice beast. Your squeeze misses the ice beast.
The ice beast is heavily wounded.
You tentacle-slap the ice beast.
The ice beast is heavily wounded.
The ice beast hits you. The ice beast freezes you.
You tentacle-slap the ice beast.
The ice beast is severely wounded.
The ice beast barely misses you.
You closely miss the ice beast.
The ice beast is severely wounded.
The ice beast hits you. The ice beast freezes you!
* * * LOW HITPOINT WARNING * * *
You are too injured to fight recklessly!
You are too injured to fight recklessly!
You closely miss the ice beast. Your squeeze misses the ice beast.
The ice beast is severely wounded.
The ice beast hits you.
* * * LOW HITPOINT WARNING * * *
The ice beast freezes you!
You die...

#.# #.>##.#####.#
#.# # #.#
#....<......###.#
#.#
#.###...........#
#.# #.#
############# #.#
##.##
#.###.#.######
#....###.<...#
#..##.#.####.#
#..# #..h.# #..#
#..#Y..# #..#
#.......#
#.............#
#.######.###...#
#.. .# #... ## ..
#.. #.


You could see an ice beast.

Vanquished Creatures
  2 adders (D:2)
  2 dart slugs
  A ball python (D:2)
  3 endoplasms
  A giant cockroach (D:2)
  3 goblins
  3 hobgoblins
  3 kobolds (D:2)
  3 quokkas
  2 bats
  2 frilled lizards
  5 rats
30 creatures vanquished.

Notes
Turn   | Place    | Note
-------+----------+-------------------------------------------
     0 | D:1      | mopl the Octopode Shapeshifter began the quest for the Orb.
     0 | D:1      | Reached XP level 1. HP: 13/13 MP: 1/1
   244 | D:1      | Reached XP level 2. HP: 17/18 MP: 2/2
   788 | D:2      | Reached XP level 3. HP: 15/23 MP: 3/3
  1656 | D:3      | Noticed an ice beast
  1663 | D:3      | Mangled by an ice beast

Illustrated notes

Levels and vault maps discovered:
D:1:      dpeg_arrival_rhombus, layout_loops_ring, minmay_crystal_water
D:2:      layout_basic, hex_intersection
D:3:      wander_river, layout_loops_ring, nzn_overflow_gifts_of_might_and_magic

Action                     || total
---------------------------++-------
  Melee: Unarmed           ||    51
         Tentacles         ||     8
         Constrict         ||     8
    Use: Scroll            ||     1
   Stab: Sleeping          ||    10
 Armour: Skin              ||     5
  Dodge: Dodged            ||    21

Table legend: (Time is in decaauts)
 A = Elapsed time spent in this place.
 B = Non-inter-level travel time spent in this place.
 C = Inter-level travel time spent in this place.
 D = Time resting spent in this place.
 E = Time spent auto-exploring this place.
 F = Levels seen in this place.
 G = Mean time per level.
                   A        B        C        D        E       F      G
               +--------+--------+--------+--------+--------+-----+--------+
         Total |   1658 |   1609 |     49 |    149 |   1267 |   3 |  552.7 |
       Dungeon |   1658 |   1609 |     49 |    149 |   1267 |   3 |  552.7 |
               +--------+--------+--------+--------+--------+-----+--------+

Top non-repeatable levels by time:
     D:2: 825 daAuts
     D:1: 657 daAuts
     D:3: 175 daAuts
